 Dungeon Crawl Stone Soup version 0.13.0-29-gdb529de (webtiles) character file.

1644 Paddoo the Shield-Bearer (level 8, -1/69 HPs)
             Began as a Minotaur Fighter on Nov 14, 2013.
             Slain by an orc warrior
             ... wielding a +2,+1 orcish halberd
              (13 damage)
             ... on Level 5 of the Dungeon.
             The game lasted 00:24:42 (4976 turns).

Paddoo the Shield-Bearer (Minotaur Fighter)         Turns: 4976, Time: 00:24:42

HP  -1/69        AC 12     Str 21      XL: 8   Next: 42%
MP   2/2         EV  7     Int  6      God:
Gold 237         SH 21     Dex 11      Spells:  0 memorised,  7 levels left

Res.Fire  : . . .   See Invis. : .   w - +2 falchion
Res.Cold  : . . .   Warding    : .   k - +3 scale mail
Life Prot.: . . .   Conserve   : .   c - +0 shield
Res.Poison: .       Res.Corr.  : .   (helmet restricted)
Res.Elec. : .       Clarity    : .   (no cloak)
Sust.Abil.: . .     Spirit.Shd : .   B - +0 pair of gloves (curse)
Res.Mut.  : .       Stasis     : .   (no boots)
Res.Rott. : .       Flight     : .   (no amulet)
Saprovore : . . .                    (no ring)
                                     i - ring of teleport control

@: slightly resistant to hostile enchantments, extremely unstealthy
A: retaliatory headbutt, horns 2
a: Evoke Teleport Control


You were on level 5 of the Dungeon.
You were hungry.

You visited 1 branch of the dungeon, and saw 6 of its levels.

You collected 217 gold pieces.

Inventory:

Hand weapons
 f - the -2,-2 dagger "Raisin" {stab, +Blink rElec rF+ rC-}
   (You found it on level 5 of the Dungeon)

   It inflicts extra damage upon your enemies.
   It protects you from fire.
   It makes you vulnerable to cold.
   It insulates you from electricity.
   It lets you blink.
 l - a +1,+2 bow of flame
 w - a +2,+2 falchion (weapon)
 x - a +0 blowgun
Missiles
 m - 7 needles of paralysis
 n - 2 poisoned darts (quivered)
 o - 19 arrows
 s - 11 silver bolts
 v - 13 poisoned needles
 y - 35 arrows of flame
Armour
 c - a +0 shield (worn)
 k - a +3 scale mail (worn)
 B - a cursed +0 pair of gloves (worn)
Comestibles
 b - a pear
 d - 3 bread rations
Scrolls
 j - 4 scrolls of identify
 q - a scroll of magic mapping
 r - 2 scrolls of enchant weapon I
 u - a scroll of teleportation
Jewellery
 i - a ring of teleport control (left hand)
 p - an uncursed ring of wizardry
Potions
 a - a potion of confusion {unknown}
 h - 2 potions of restore abilities {unknown}
 z - a potion of mutation {unknown}
 C - 2 potions of strong poison {unknown}
 D - a potion of slowing {unknown}
 E - a potion of cure mutation {unknown}
 G - a potion of agility {unknown}
 H - a potion of beneficial mutation {unknown}
Books
 g - a book of Enchantments

   Spells                             Type                      Level
   Cause Fear                         Hexes                        4
   Silence                            Hexes/Air                    5
   Tukima's Dance                     Hexes                        5
   Deflect Missiles                   Charms/Air                   6
   Haste                              Charms                       6
   Discord                            Hexes                        8
 t - a book of the Sky

   Spells                             Type                      Level
   Flight                             Charms/Air                   3
   Airstrike                          Air                          4
   Silence                            Hexes/Air                    5
   Deflect Missiles                   Charms/Air                   6
   Conjure Ball Lightning             Conjuration/Air              7
   Tornado                            Air                          9


   Skills:
 * Level 6.9 Fighting
 + Level 5.2 Long Blades
 + Level 6.3 Armour
 + Level 5.1 Dodging
 + Level 7.1 Shields


You had 7 spell levels left.
You didn't know any spells.

Dungeon Overview and Level Annotations

Branches:
Dungeon (6/27)                Orc (0/4) D:6
 Temple: D:4-7

Altars:
Ashenzari
Cheibriados
Elyvilon
Fedhas
Sif Muna
the Shining One


Innate Abilities, Weirdness & Mutations

You reflexively headbutt those who attack you in melee.
You have a pair of horns on your head.


Message History

You headbutt the orc warrior. You barely miss the orc warrior.
The orc warrior is moderately wounded.
You block the orc warrior's attack.
You hit the orc warrior.
The orc warrior is heavily wounded.
You are feeling very hungry.
The orc warrior hits you with an orcish halberd!
* * * LOW HITPOINT WARNING * * *
Drink which item? (? for menu, Esc to quit)
You feel better.
You are feeling hungry.
You hit the orc warrior but do no damage.
You headbutt the orc warrior!
The orc warrior is almost dead.
You block the orc warrior's attack.
You completely miss the orc warrior.
The orc warrior is almost dead.
The orc warrior hits you with an orcish halberd!
You die...

......# #......# ......# #......#
......# #..###### ....(.#
#..##...## ......# #..#.....#
......# #..#.....# ......#
#..#.....# ......# #o.##...##
....[.# #[@###'############
......#########........##...##...
.......................#.....#.(.
....................8..'.....#...
.........[.............#.....#...
.......................##...##...
.................###'#########...
.................##..%##......>%.
.................#.....##########


You could see an orc warrior.

Vanquished Creatures
  A yak (D:5)
  An orc warrior (D:5)
  The ghost of nOtime the Slasher, an average MiBe of Trog (D:4)
  An ice beast (D:5)
  3 sky beasts
  A centaur (D:5)
  2 crimson imps (D:5)
  A jelly (D:5)
  3 orc priests
  5 worker ants
  2 iguanas (D:4)
  Ijyb (D:2)
  A hound zombie (D:5)
  Terence (D:2)
  6 gnolls
  7 adders
  An iguana skeleton (D:5)
  An adder skeleton (D:4)
  2 giant eyeballs
  4 giant geckos
  2 oozes
  5 orcs
  A ball python (D:2)
  22 bats
  2 giant cockroaches
  12 hobgoblins
  A quokka (D:3)
  9 giant newts
  A giant newt skeleton (D:4)
  12 goblins
  A goblin skeleton (D:5)
  9 kobolds
  A quokka skeleton (D:5)
  9 rats
  A rat skeleton (D:5)
  A rat zombie (D:5)
134 creatures vanquished.

Vanquished Creatures (others)
  An orc wizard (D:5)
1 creature vanquished.

Grand Total: 135 creatures vanquished

Notes
Turn   | Place    | Note
--------------------------------------------------------------
     0 | D:1      | Paddoo, the Minotaur Fighter, began the quest for the Orb.
     0 | D:1      | Reached XP level 1. HP: 19/19 MP: 0/0
    73 | D:1      | Reached skill level 4 in Fighting
   110 | D:1      | Reached XP level 2. HP: 24/27 MP: 0/0
   660 | D:2      | Found a glowing golden altar of the Shining One.
   741 | D:2      | Reached XP level 3. HP: 33/33 MP: 1/1
   917 | D:2      | Noticed Ijyb
   936 | D:2      | Killed Ijyb
   941 | D:2      | Found a shattered altar of Ashenzari.
   946 | D:2      | Saw a vision of the Shoals and the Snake Pit.
   946 | D:2      | Noticed a water moccasin
   946 | D:2      | Noticed a merfolk
   946 | D:2      | Noticed a merfolk
   946 | D:2      | Noticed a merfolk
   946 | D:2      | Noticed a merfolk
   947 | D:2      | Noticed a centaur
   948 | D:2      | Noticed a hippogriff
  1033 | D:2      | Reached skill level 1 in Dodging
  1033 | D:2      | Reached XP level 4. HP: 40/40 MP: 1/1
  1162 | D:2      | Noticed Terence
  1178 | D:2      | Killed Terence
  2085 | D:3      | Found a blossoming altar of Fedhas.
  2149 | D:3      | Reached XP level 5. HP: 45/47 MP: 1/1
  2520 | D:4      | Reached skill level 5 in Fighting
  2554 | D:4      | Reached skill level 5 in Shields
  2554 | D:4      | Reached XP level 6. HP: 43/53 MP: 2/2
  2571 | D:4      | Noticed nOtime's ghost (average MiBe)
  2600 | D:4      | Killed nOtime's ghost
  2600 | D:4      | Reached skill level 5 in Armour
  3330 | D:5      | Entered Level 5 of the Dungeon
  3368 | D:4      | Reached XP level 7. HP: 36/60 MP: 2/2
  3910 | D:5      | Paralysed by a giant eyeball for 2 turns
  3916 | D:5      | Paralysed by a giant eyeball for 3 turns
  3970 | D:5      | Reached skill level 6 in Shields
  4017 | D:5      | Noticed a yak
  4025 | D:5      | Killed a yak
  4096 | D:5      | Found a deep blue altar of Sif Muna.
  4161 | D:5      | Got a crystal dagger
  4162 | D:5      | Identified the cursed dagger "Raisin" {stab, +Blink rElec rF+ rC-} (You found it on level 5 of the Dungeon)
  4363 | D:5      | Reached skill level 5 in Long Blades
  4363 | D:5      | Reached XP level 8. HP: 69/69 MP: 2/2
  4382 | D:6      | Found a snail-covered altar of Cheibriados.
  4391 | D:6      | Found a white marble altar of Elyvilon.
  4430 | D:6      | Paralysed by a giant eyeball for 3 turns
  4437 | D:6      | Paralysed by a giant eyeball for 2 turns
  4450 | D:6      | Paralysed by a giant eyeball for 2 turns
  4459 | D:6      | Paralysed by a giant eyeball for 4 turns
  4466 | D:6      | Paralysed by a giant eyeball for 2 turns
  4655 | D:6      | Found a staircase to the Orcish Mines.
  4689 | D:5      | Reached skill level 7 in Shields
  4969 | D:5      | Reached skill level 5 in Dodging
  4976 | D:5      | Slain by an orc warrior

Action                   |  1- 3 |  4- 6 |  7- 9 || total
-------------------------+-------+-------+-------++-------
Melee: Falchion          |    93 |   198 |    94 ||   385
       Dagger            |       |       |   121 ||   121
  Use: Potion            |       |     4 |     3 ||     7
       Scroll            |       |       |    11 ||    11
